 Dungeon Crawl Stone Soup version 0.28-a0-1344-g6b9ff3a05d (webtiles) character file.

Game seed: 11882611860644976717

167484 HessuHobo the Severer (level 17, -6/168 HPs)
             Began as a Minotaur Berserker on Dec 29, 2021.
             Was a High Priest of Trog.
             Mangled by a ghost moth (7 damage)
             ... on level 3 of the Spider Nest.
             The game lasted 01:28:18 (54526 turns).

HessuHobo the Severer (Minotaur Berserker)         Turns: 54526, Time: 01:28:19

Health: -6/168     AC: 25    Str: 26 (29) XL:     17   Next: 31%
Magic:  0/16       EV:  9    Int:  3 (4)  God:    Trog [*****.]
Gold:   2017       SH: 19    Dex:  9 (11) Spells: 16/16 levels left

rFire   + + .      SeeInvis .   a - +6 war axe (drain)
rCold   + + .      Faith    .   Y - +2 shield of Resistance {rF++ rC++ Will++}
rNeg    + . .      Spirit   .   R - +1 plate armour of the Constellations {rPois}
rPois   +          Reflect  +   V - +2 hat
rElec   .          Harm     .   N - +1 cloak {Stlth+}
rCorr   .          Rampage  .   U - +0 pair of gloves
Will    ++++.                   G - +0 pair of boots
Stlth   ..........              M - amulet of reflection
HPRegen 0.38/turn               S - ring of positive energy
MPRegen 0.15/turn               j - ring of willpower

@: no status effects
A: horns 2, retaliatory headbutt
a: Renounce Religion, Berserk, Trog's Hand, Brothers in Arms


You were on level 3 of the Spider Nest.
You worshipped Trog.
Trog was extremely pleased with you.
You visited 5 branches of the dungeon, and saw 27 of its levels.
You also visited: Bailey, Ice Cave and Volcano.

You collected 2017 gold pieces.

Inventory:

Hand Weapons
 a - a +6 war axe of draining (weapon)
 b - a +0 hand crossbow
 W - a +1 battleaxe of freezing
 Z - a +6 war axe of flaming
Missiles
 y - 5 throwing nets
 B - 121 bolts (quivered)
Armour
 G - a +0 pair of boots (worn)
 N - a +1 cloak of stealth (worn)
 R - the +1 plate armour of the Constellations (worn) {rPois}
   (You found it on level 1 of the Shoals)

   rPois:     It protects you from poison.
 U - a +0 pair of gloves (worn)
 V - a +2 hat (worn)
 Y - the +2 shield of Resistance (worn) {rF++ rC++ Will++}
   (You found it on level 6 of the Lair of Beasts)

   rF:        It greatly protects you from fire.
   rC:        It greatly protects you from cold.
   Will:      It greatly increases your willpower.
Jewellery
 j - a ring of willpower (right hand)
 q - a ring of poison resistance
 K - the ring "Xuxtetia" {rPois rF+ rC- rCorr}
   (You acquired it on level 1 of the Shoals)

   [ring of resist corrosion]

   rF:        It protects you from fire.
   rC:        It makes you vulnerable to cold.
   rPois:     It protects you from poison.
   rCorr:     It protects you from acid and corrosion.
 M - an amulet of reflection (around neck)
 S - a ring of positive energy (left hand)
Wands
 m - a wand of mindburst (5)
 x - a wand of charming (14)
 z - a wand of iceblast (11)
 C - a wand of polymorph (19)
 D - a wand of flame (46)
 E - a wand of acid (2)
 F - a wand of digging (12)
 Q - a wand of paralysis (18)
Scrolls
 d - 2 scrolls of holy word
 f - 13 scrolls of enchant armour
 g - 4 scrolls of fear
 h - 2 scrolls of brand weapon
 n - 7 scrolls of immolation
 r - 4 scrolls of teleportation
 s - 2 scrolls of magic mapping
 u - 5 scrolls of blinking
 w - 3 scrolls of fog
 L - 2 scrolls of summoning
Potions
 c - 3 potions of curing
 e - 2 potions of flight
 i - a potion of heal wounds
 k - 4 potions of cancellation
 l - 3 potions of haste
 o - 10 potions of degeneration
 p - a potion of berserk rage {unknown}
 t - 4 potions of might
 A - 4 potions of lignification
 H - 4 potions of invisibility
 I - 4 potions of mutation
 J - 5 potions of brilliance
 O - 3 potions of magic
 P - 2 potions of attraction {unknown}
 T - a potion of resistance
Miscellaneous
 v - a piece from Xom's chessboard (15/15)
 X - a phial of floods


   Skills:
 + Level 19.3 Fighting
 + Level 20.8 Axes
 - Level 10.0 Crossbows
 - Level 15.0 Armour
 - Level 3.5 Dodging
 - Level 15.0 Shields
 - Level 8.0 Evocations


You had 16 spell levels left.
You didn't know any spells.
Your spell library was empty.

Dungeon Overview and Level Annotations

Branches:
Dungeon (15/15)            Temple (0/1) D:7            Lair (6/6) D:8
 Shoals (1/4) Lair:3       Spider (4/4) Lair:3        Slime (0/5) Lair:6
    Orc (1/2) D:11         Vaults (0/5) D:13         Depths (0/4) D:15
 Bailey (visited)           IceCv (visited)         Volcano (visited)

Altars:
Dithmenos
Elyvilon
Gozag
Hepliaklqana
Okawaru
Qazlal
Ru
The Shining One
Jiyva
Lugonu

Shops:
D:9 (   D:10 :

Portals:
Abyss: Shoals:1
Trove: D:10 (give 15 potions of curing)

Annotations:
D:13 exclusion: downstairs
D:14 1 exclusion
Shoals:1 4 runed translucent doors, exclusion: 4 doors, Riroxuck's ghost, adept MiFi
Spider:4 1 exclusion


Innate Abilities, Weirdness & Mutations

You have a pair of horns on your head.
You reflexively headbutt those who attack you in melee.


Message History

You slash something! Something hits you.
You feel clumsy. Something hits you but does no damage. Something stings you!
You barely miss something. You headbutt something.
You feel you are being watched by something.
Something hits you but does no damage. x2; You block something's attack.
You miss something. You headbutt something.
Something hits you but does no damage. x2; You block something's attack.
You hit something. Your headbutt misses something. You barely miss something.
You headbutt something!!
You feel you are being watched by something.
You feel your power leaking away. Something hits you but does no damage.
Something hits you! Something stings you!
You hit something. You headbutt something!
You feel you are being watched by something.
Something hits you but does no damage. Something hits you!
* * * LOW HITPOINT WARNING * * *
Something stings you.
* * * LOW HITPOINT WARNING * * *
You slash something!
You feel you are being watched by something.
You block something's attack. Something hits you!
* * * LOW HITPOINT WARNING * * *
Something stings you.
* * * LOW HITPOINT WARNING * * *
You barely miss something.
You feel you are being watched by something.
You block something's attack. Something hits you but does no damage.
Something stings you but does no damage.
You barely miss something.
Something hits you but does no damage. x2
Something stings you but does no damage.
You miss something.
You feel you are being watched by something.
Something hits you!
* * * LOW HITPOINT WARNING * * *
Something hits you!
* * * LOW HITPOINT WARNING * * *
Something stings you!
You die...

##...#.#### #.....#.# #
#...####.##### #.^.....#
###...^#....#..## ##.....##
.#..^..##.......#####.....#
##^.<...#.....####.##...#.#
.........#....^##...#...###
........##^.#..........##
..^........#...††..##..##
.#.......^.###^†@)......##
##.......### #..{........#
###.....# ###........##
####### ##########


There were no monsters in sight!

Vanquished Creatures
  Jorgrun (Spider:2)
  Kirke (D:15)
  3 ghost moths
  11 emperor scorpions
  A frost giant (D:15)
  An entropy weaver (Spider:2)
  A dire elephant (Lair:6)
  A spark wasp (Spider:2)
  A rakshasa (D:13)
  2 vault guards (D:13)
  2 jorogumos
  11 hydras
  2 catoblepae
  5 centaur warriors
  A merfolk aquamancer (Shoals:1)
  3 two-headed ogres
  3 boulder beetles
  2 radroaches
  4 death yaks (Lair:5)
  A satyr (Shoals:1)
  A deep troll shaman (Lair:6)
  2 tengu warriors (D:15)
  Nergalle (D:11)
  5 pharaoh ants
  2 skeletal warriors (Volcano)
  A sea snake (Shoals:1)
  4 steelbarb worms
  A deep troll (D:15)
  17 orb spiders
  A spriggan simulacrum (IceCv)
  A wizard (D:13)
  An anaconda skeleton (Volcano)
  4 harpies (Shoals:1)
  3 orc knights
  2 necromancers (D:13)
  4 ugly things
  3 deep elf pyromancers
  28 wolf spiders
  6 manticores
  5 fauns (Shoals:1)
  3 cyclopes
  5 moths of wrath
  12 elephants
  2 merfolk sirens (Shoals:1)
  A moth of wrath (shapeshifter) (D:13)
  2 apocalypse crabs (Shoals:1)
  6 black mambas
  6 torpor snails
  4 gargoyles
  19 cane toads
  9 demonic crawlers
  4 freezing wraiths (IceCv)
  A kobold demonologist (D:13)
  3 unseen horrors
  An ice devil (IceCv)
  10 komodo dragons
  A rime drake (Lair:5)
  An entropy weaver simulacrum (IceCv)
  A yaktaur (D:13)
  A troll (D:11)
  5 merfolk (Shoals:1)
  A wind drake (Shoals:1)
  9 meliai
  6 polar bears
  3 snapping turtles
  The ghost of Stonecrops the Ducker, an amateur DsGl (D:4)
  2 dream sheep (Lair:5)
  34 tarantellas
  A dream sheep (shapeshifter) (D:15)
  13 blink frogs
  A harpy skeleton (Volcano)
  10 slime creatures (D:12)
  An alligator skeleton (Volcano)
  3 flying skulls (Volcano)
  4 shadows
  26 jumping spiders
  16 culicivoras
  3 wyverns
  A centaur simulacrum (D:15)
  4 water elementals (Shoals:1)
  The ghost of wpisznazwe the Cudgeller, an amateur TrWr (D:4)
  7 basilisks
  18 humans (D:13)
  56 yaks
  2 steam dragons
  A golden eye (shapeshifter) (D:14)
  10 vampire mosquitoes
  45 redbacks
  2 wargs (D:15)
  13 water moccasins
  A hydra simulacrum (IceCv)
  2 sky beasts
  14 orc warriors
  A hornet zombie (D:8)
  2 necrophages (D:7)
  An ice beast (D:7)
  2 black bears
  A black bear (shapeshifter) (D:12)
  An ogre (D:7)
  16 centaurs
  27 wolves
  4 boggarts (D:15)
  A phantom (D:11)
  A kobold brigand (D:6)
  11 bullfrogs
  A gnoll sergeant (D:7)
  33 scorpions
  A wyvern skeleton (D:4)
  3 troll zombies (D:11)
  A water moccasin zombie (D:6)
  2 jellies
  A troll skeleton (Volcano)
  4 electric eels
  4 centaur zombies
  4 howler monkeys
  A bullfrog zombie (D:6)
  Crazy Yiuf (D:4)
  2 hounds
  4 orc priests
  3 gnoll shamans
  A centaur skeleton (D:7)
  6 iguanas
  6 orc wizards
  5 ogre zombies (D:11)
  A naga skeleton (Volcano)
  A howler monkey zombie (D:5)
  Robin (D:2)
  18 gnolls
  A howler monkey skeleton (D:5)
  7 adders
  2 white imps
  An adder skeleton (D:4)
  3 worms
  3 dart slugs
  48 orcs
  5 bats
  7 endoplasms
  3 giant cockroaches
  13 goblins
  7 hobgoblins
  4 jackals
  3 quokkas
  6 ball pythons
  6 frilled lizards
  4 goblin skeletons (D:11)
  6 goblin zombies (D:11)
  A hobgoblin skeleton (D:11)
  4 hobgoblin zombies (D:11)
  15 kobolds
  An orc skeleton (D:11)
  9 orc zombies (D:11)
  5 rats
893 creatures vanquished.

Vanquished Creatures (collateral kills)
  An entropy weaver (Spider:2)
  Snorg (Lair:5)
  A steelbarb worm (Spider:2)
  A tarantella (Spider:2)
  3 dream sheep (Lair:5)
  3 redbacks (Spider:2)
  4 goblins (D:2)
14 creatures vanquished.

Vanquished Creatures (others)
  A ghost moth (Spider:4)
  A manticore (Shoals:1)
  3 humans
  44 fungi
  59 plants
  6 withered plants (D:4)
114 creatures vanquished.

Grand Total: 1021 creatures vanquished

Notes
Turn   | Place    | Note
-------+----------+-------------------------------------------
     0 | D:1      | HessuHobo the Minotaur Berserker began the quest for the
                  | Orb.
     0 | D:1      | Reached XP level 1. HP: 19/19 MP: 0/0
   248 | D:1      | Reached XP level 2. HP: 27/27 MP: 1/1
   444 | D:1      | Reached skill level 4 in Axes
  1241 | D:1      | Reached XP level 3. HP: 32/33 MP: 2/2
  1317 | D:1      | Reached ** piety under Trog
  2035 | D:2      | Found a hazy altar of Hepliaklqana.
  2178 | D:2      | Noticed Robin
  2185 | D:2      | Reached XP level 4. HP: 38/41 MP: 0/3
  2192 | D:2      | Killed Robin
  2669 | D:2      | Found a faded altar of an unknown god.
  3109 | D:3      | Reached *** piety under Trog
  3110 | D:3      | Reached skill level 5 in Fighting
  3110 | D:3      | Reached skill level 5 in Axes
  3110 | D:3      | Reached XP level 5. HP: 41/48 MP: 4/4
  3919 | D:4      | Found a sacrificial altar of Ru.
  4051 | D:4      | Found a runed translucent gate.
  4051 | D:4      | Found a runed translucent gate.
  4054 | D:4      | Found a runed translucent gate.
  4057 | D:4      | Noticed wpisznazwe's ghost (amateur TrWr)
  4057 | D:4      | Noticed Stonecrops's ghost (amateur DsGl)
  4159 | D:4      | Reached skill level 5 in Armour
  4159 | D:4      | Reached XP level 6. HP: 53/57 MP: 5/5
  4382 | D:4      | Found a runed translucent door.
  4383 | D:4      | Noticed Crazy Yiuf
  5077 | D:5      | Entered Level 5 of the Dungeon
  5223 | D:5      | Found an iron altar of Okawaru.
  5233 | D:5      | Noticed a sky beast
  5242 | D:5      | Killed a sky beast
  5243 | D:5      | Reached skill level 6 in Axes
  5394 | D:5      | Reached XP level 7. HP: 34/63 MP: 6/6
  5828 | D:5      | Found an opulent altar of Gozag.
  5830 | D:5      | Found a white marble altar of Elyvilon.
  6043 | D:5      | Noticed a steam dragon
  6069 | D:5      | Killed a steam dragon
  6070 | D:5      | Reached skill level 1 in Evocations
  6788 | D:6      | Reached skill level 7 in Axes
  6895 | D:6      | Reached skill level 1 in Shields
  6895 | D:6      | Reached XP level 8. HP: 71/73 MP: 7/7
  7864 | D:6      | Found a shadowy altar of Dithmenos.
  8325 | D:7      | Reached **** piety under Trog
  8380 | D:7      | Reached skill level 8 in Axes
  9313 | D:7      | Found a staircase to the Ecumenical Temple.
  9374 | D:7      | Reached XP level 9. HP: 58/81 MP: 8/8
  9896 | D:7      | Reached skill level 9 in Axes
 11113 | D:8      | Found a staircase to the Lair.
 11126 | D:8      | Found a flagged portal.
 11149 | Bailey   | Entered a bailey
 11406 | Bailey   | Noticed an orc knight
 11406 | Bailey   | Noticed an orc knight
 11531 | Bailey   | Killed an orc knight
 11532 | Bailey   | Reached skill level 10 in Axes
 11789 | Bailey   | HP: 4/123 [orc knight (25)]
 11791 | Bailey   | Killed an orc knight
 11792 | Bailey   | Reached skill level 11 in Axes
 12116 | Bailey   | Reached XP level 10. HP: 34/91 MP: 9/9
 14134 | D:9      | Found Woatwaffogg's Weapon Boutique.
 14272 | D:10     | Entered Level 10 of the Dungeon
 14322 | D:10     | Reached skill level 12 in Axes
 14326 | D:10     | Reached skill level 10 in Fighting
 14416 | D:10     | Found Neji's Book Shoppe.
 14676 | D:10     | Found a portal to a secret trove of treasure.
 14752 | D:10     | Reached skill level 10 in Armour
 14906 | D:10     | Found a stormy altar of Qazlal.
 15189 | D:10     | Reached skill level 13 in Axes
 15355 | Lair:1   | Entered Level 1 of the Lair of Beasts
 15540 | Lair:1   | Noticed a seven-headed hydra
 15549 | Lair:1   | Killed a 12-headed hydra
 15550 | Lair:1   | Reached XP level 11. HP: 68/101 MP: 10/10
 16867 | Lair:1   | Reached skill level 14 in Axes
 18028 | Lair:2   | Reached skill level 5 in Shields
 19483 | Lair:2   | Noticed a four-headed hydra
 19499 | Lair:2   | Killed a 13-headed hydra
 19500 | Lair:2   | Reached XP level 12. HP: 55/112 MP: 11/11
 19767 | Lair:2   | Noticed a catoblepas
 19785 | Lair:2   | Killed a catoblepas
 20452 | Lair:3   | Identified the +4 ring mail of the Tormentor {Will+ Str+3
                  | Int-5 Dex+4}
 20463 | Lair:3   | Noticed an eight-headed hydra
 20474 | Lair:2   | Reached skill level 15 in Axes
 20787 | Lair:3   | Killed a 14-headed hydra
 21807 | Lair:3   | Found a hole to the Spider Nest.
 22063 | Lair:3   | Found a staircase to the Shoals.
 22728 | Lair:4   | Noticed an eight-headed hydra
 22999 | Lair:4   | Killed a 15-headed hydra
 23475 | Lair:4   | Reached ***** piety under Trog
 23938 | Lair:4   | Noticed a four-headed hydra
 23959 | Lair:4   | Killed a seven-headed hydra
 23960 | Lair:4   | Reached XP level 13. HP: 122/122 MP: 12/12
 25417 | Lair:5   | Reached skill level 16 in Axes
 25642 | Lair:5   | Noticed Snorg
 25666 | Lair:5   | Killed Snorg
 25992 | Lair:5   | Found a dark tunnel.
 26068 | Volcano  | Entered a volcano
 26190 | Volcano  | Reached skill level 10 in Shields
 28397 | Lair:6   | Entered Level 6 of the Lair of Beasts
 29327 | Lair:6   | Reached skill level 17 in Axes
 29338 | Lair:6   | Reached skill level 15 in Fighting
 30310 | Lair:6   | Reached skill level 15 in Armour
 30395 | Lair:6   | Reached XP level 14. HP: 118/135 MP: 13/13
 30518 | Lair:6   | Found a staircase to the Slime Pits.
 30518 | Lair:6   | Found a viscous altar of Jiyva.
 31717 | Lair:6   | Found the +3 giant club "Skullcrusher" {speed, Str+7}
 31720 | Lair:6   | Found the +2 shield of Resistance {rF++ rC++ Will++}
 32217 | D:4      | Killed wpisznazwe's ghost
 32219 | D:4      | Killed Stonecrops's ghost
 32304 | D:4      | Killed Crazy Yiuf
 33155 | Lair:6   | Identified the +6 spear of Weak Duty {vamp, rC+ Will++}
 33691 | D:11     | Found a staircase to the Orcish Mines.
 33749 | D:11     | Noticed Nergalle
 33764 | D:11     | Reached skill level 1 in Crossbows
 33781 | D:11     | Killed Nergalle
 33953 | D:11     | Reached skill level 5 in Evocations
 34873 | D:12     | Received a gift from Trog
 36237 | D:13     | Reached skill level 18 in Axes
 36979 | D:13     | Found a gate to the Vaults.
 38000 | D:14     | Noticed a war gargoyle
 38134 | D:14     | Received a gift from Trog
 38135 | D:14     | Reached XP level 15. HP: 137/145 MP: 14/14
 38295 | D:14     | Found a glowing golden altar of the Shining One.
 38384 | D:14     | Reached skill level 5 in Crossbows
 39173 | Spider:1 | Entered Level 1 of the Spider Nest
 39264 | Spider:1 | Found a frozen archway.
 39276 | IceCv    | Entered an ice cave
 41407 | Spider:2 | Noticed an emperor scorpion
 42124 | Spider:2 | Killed an emperor scorpion
 42458 | Spider:2 | Noticed Jorgrun
 42467 | Spider:2 | Killed Jorgrun
 44471 | D:15     | Entered Level 15 of the Dungeon
 44592 | D:15     | Reached skill level 19 in Axes
 44718 | D:15     | Noticed Kirke
 44744 | D:15     | Killed Kirke
 45741 | D:15     | Found a staircase to the Depths.
 45741 | D:15     | Noticed a frost giant
 45748 | D:15     | Killed a frost giant
 46342 | Orc:1    | Entered Level 1 of the Orcish Mines
 46587 | Shoals:1 | Entered Level 1 of the Shoals
 46743 | Shoals:1 | Reached XP level 16. HP: 119/155 MP: 15/15
 47386 | Shoals:1 | Identified the +1 plate armour of the Constellations
                  | {rPois}
 47390 | Shoals:1 | Identified a scroll of acquirement
 47432 | Shoals:1 | Found a runed translucent gate.
 47432 | Shoals:1 | Found a runed translucent gate.
 47432 | Shoals:1 | Found a runed translucent gate.
 47435 | Shoals:1 | Noticed Riroxuck's ghost (adept MiFi)
 47451 | Shoals:1 | Acquired the ring "Xuxtetia" {rPois rF+ rC- rCorr}
 47692 | Shoals:1 | Found a runed translucent door.
 47699 | Shoals:1 | Identified the +6 hand axe of Cowardice {vorpal, Str+7
                  | Int-4} (Trog gifted it to you on level 1 of the Shoals)
 47699 | Shoals:1 | Received a gift from Trog
 47703 | Shoals:1 | Found a corrupted altar of Lugonu.
 47704 | Shoals:1 | Found a one-way gate to the infinite horrors of the Abyss.
 51375 | Spider:3 | Received a gift from Trog
 51894 | Spider:3 | Reached skill level 20 in Axes
 52425 | Spider:4 | Entered Level 4 of the Spider Nest
 52610 | Spider:4 | Reached skill level 10 in Crossbows
 52856 | Spider:4 | Reached XP level 17. HP: 164/166 MP: 16/16
 53196 | Spider:4 | HP: 7/166 [something (6)]
 53642 | Spider:4 | Reached skill level 15 in Shields
 54526 | Spider:3 | HP: 1/168 [something (14)]
 54526 | Spider:3 | Mangled by a ghost moth

Illustrated notes

Levels and vault maps discovered:
D:1:      dpeg_arrival_arbitrary_b, layout_basic, minmay_misc_feat_five,
          minmay_tromino_i4
D:2:      layout_rooms, basic_altar, hellmonk_ecumenical_altar_crossroads,
          uniq_robin
D:3:      layout_basic
D:4:      layout_basic, nicolae_ru_sacrificial_ziggurat,
          gammafunk_ghost_cemetery, minmay_fractal_squares_gapless_5,
          uniq_crazy_yiuf_cottage
D:5:      layout_gridville, okawaru_trees_2, grunt_temple_overflow_open
D:6:      layout_loops_cross, grunt_dithmenos_smoke_and_mirrors,
          minmay_misc_feat_chi
D:7:      layout_basic, minmay_temple_entry_drinking_statues,
          serial_bayou_lagoon_b
D:8:      layout_cave_pools, lair_entry_dummy, enter_bailey_7
D:9:      layout_roguey, serial_shops, nicolae_shop_bloodbath_and_beyond,
          kennysheep_generic_room_8
D:10:     layout_roguey, kennysheep_mini_moat, nicolae_trove_entry_isolated,
          minmay_shop_grid_forest
D:11:     layout_loops_ring, zombieorc2_lemuel, gauntlet_entry_generic,
          uniq_nergalle
D:12:     layout_irregular_city, fungi_pond_lemuel, kennysheep_generic_room_6
D:13:     layout_basic, grunt_vaults_entry_tiered, st_stairs_4
D:14:     gargoyle_guard, layout_rooms, columned_hall_lemuel, tso_oasis_becter
D:15:     grunt_enter_depths_snipers, layout_long_grid, serial_co_window_serial,
          co_window_corner_a, co_window_paths_a, co_window_paths_a,
          co_window_corner_a, co_window_corner_a, co_window_corner_ca,
          co_window_2corner, co_window_corner_cb, co_window_broadway_c,
          co_window_4corner_b, glass_columns_b, glass_columns_c,
          glass_columns_b, glass_columns_c, minivault_11, uniq_kirke
Lair:1:   layout_cave_pods, grunt_megastairs_2
Lair:2:   layout_regular_city
Lair:3:   layout_cave_shapes, minmay_shoals_entry_hut,
          nicolae_spider_entry_orb_guardian
Lair:4:   layout_small_grid, serial_bayou_shore_b, grunt_megastairs_5,
          infiniplex_staircase_pool
Lair:5:   layout_roguey, nicolae_volcano_entry_s_turn, lemuel_fruit_tree,
          uniq_snorg
Lair:6:   grunt_lair_end_beastmaster, layout_big_grid, slime_altar_1
Shoals:1: layout_shoals, gammafunk_ghost_tricky_traps,
          nicolae_shoals_abyss_on_the_beach
Spider:1: layout_cave_pods, portal_ice_cave_entry_pillars_2
Spider:2: layout_spider_delve, drop_trap, uniq_jorgrun
Spider:3: spiders_nest_a
Spider:4: grunt_spider_rune_circles
Orc:1:    layout_diamond_mine, nicolae_orc_lost_temple

Skill      XL: |  1  2  3  4  5  6  7  8  9 10 11 12 13 14 15 16 17 |
---------------+----------------------------------------------------+-----
Axes           | 4 5 6 7 8 11 13 14 15 17 18 19 20 | 20.8
Fighting       | 4 5 6 7 9 10 12 13 15 16 17 18 19 | 19.3
Armour         | 3 4 5 6 7 8 10 11 13 15 | 15.0
Evocations     | 2 3 4 6 8 |  8.0
Shields        | 1 3 4 6 9 10 11 12 14 15 | 15.0
Dodging        | 3 |  3.5
Crossbows      | 4 7 10 | 10.0

Action                   |  1- 3 |  4- 6 |  7- 9 | 10-12 | 13-15 | 16-18 || total
-------------------------+-------+-------+-------+-------+-------+-------++-------
Melee: Hand axe          |    87 |   166 |   338 |       |       |       ||   591
       Headbutt          |    15 |    29 |    86 |   115 |   310 |   140 ||   695
       War axe           |       |       |    23 |   586 |  1181 |   598 ||  2388
       Halberd           |       |       |       |       |    15 |       ||    15
 Fire: Hand crossbow     |       |       |       |       |   118 |   196 ||   314
Throw: Throwing net      |       |       |       |     1 |       |       ||     1
Invok: Berserk           |     1 |       |     4 |     5 |     4 |     2 ||    16
       Trog's Hand       |       |     1 |     1 |     1 |     6 |     5 ||    14
       Brothers in Arms  |       |       |       |       |     3 |     2 ||     5
Evoke: Wand              |       |       |       |       |     1 |     2 ||     3
       Phial of floods   |       |       |       |       |       |     1 ||     1
  Use: Scroll            |       |     2 |       |     8 |    13 |     8 ||    31
       Potion            |       |       |       |       |     3 |     3 ||     6
 Stab: Held in net/web   |       |       |       |     1 |       |       ||     1
       Distracted        |       |       |       |       |     2 |       ||     2
Armor: Animal skin       |    13 |       |       |       |       |       ||    13
       Ring mail         |     8 |    20 |       |       |       |       ||    28
       Chain mail        |       |    54 |   183 |       |    20 |       ||   257
       Plate armour      |       |       |     4 |   296 |   565 |   435 ||  1300
Dodge: Dodged            |    65 |    79 |   160 |   190 |   330 |   197 ||  1021
Block: Buckler           |       |       |    44 |   211 |   201 |       ||   456
       Other             |       |       |       |       |    10 |       ||    10
       Reflection        |       |       |       |       |    59 |    19 ||    78
       Kite shield       |       |       |       |       |   654 |   672 ||  1326

Table legend: (Time is in decaauts)
 A = Elapsed time spent in this place.
 B = Non-inter-level travel time spent in this place.
 C = Inter-level travel time spent in this place.
 D = Time resting spent in this place.
 E = Time spent auto-exploring this place.
 F = Levels seen in this place.
 G = Mean time per level.
                   A        B        C        D        E       F      G
               +--------+--------+--------+--------+--------+-----+--------+
         Total |  54303 |  50718 |   3585 |  27934 |  14780 |  30 | 1810.1 |
       Dungeon |  22994 |  20872 |   2122 |   9847 |   8142 |  15 | 1532.9 |
          Lair |  16924 |  15775 |   1149 |  10070 |   3620 |   6 | 2820.7 |
        Shoals |   1944 |   1918 |     26 |    855 |    635 |   1 | 1944.0 |
   Spider Nest |   9591 |   9305 |    286 |   5273 |   2191 |   4 | 2397.8 |
  Orcish Mines |     55 |     55 |      0 |      0 |      0 |   1 |   55.0 |
        Bailey |   1680 |   1680 |      0 |   1229 |     80 |   1 | 1680.0 |
      Ice Cave |    171 |    171 |      0 |     64 |     10 |   1 |  171.0 |
       Volcano |    941 |    941 |      0 |    595 |    100 |   1 |  941.0 |
               +--------+--------+--------+--------+--------+-----+--------+

Top non-repeatable levels by time:
  Lair:2: 3702 daAuts
Spider:2: 2921 daAuts
  Lair:3: 2860 daAuts
  Lair:4: 2793 daAuts
  Lair:6: 2783 daAuts
Spider:1: 2679 daAuts
     D:7: 2653 daAuts
    D:13: 2490 daAuts
  Lair:1: 2465 daAuts
  Lair:5: 2318 daAuts
Spider:3: 2115 daAuts
Shoals:1: 1944 daAuts
     D:4: 1920 daAuts
Spider:4: 1875 daAuts
     D:6: 1799 daAuts
